 Dungeon Crawl Stone Soup version 0.31.0-12-g77e489cdc1 (webtiles) character file.

Game seed: 8828172311228771509

36 spaghetti the Sneak (level 3, 0/29 HPs)
             Began as a Human Chaos Knight on Feb 18, 2024.
             Was a Plaything of Xom.
             Slain by an adder (3 damage)
             ... on level 2 of the Dungeon.
             The game lasted 00:01:42 (803 turns).

spaghetti the Sneak (Human Chaos Knight)             Turns: 803, Time: 00:01:43

Health: 0/29       AC:  5    Str: 12    XL:     3   Next: 37%
Magic:  3/3        EV: 11    Int: 12    God:    Xom [*.....]
Gold:   76         SH:  0    Dex: 14    Spells: 2/2 levels left

rFire   . . .        d - +1 whip (elec)
rCold   . . .        (no shield)
rNeg    . . .        b - +2 leather armour
rPois   .            (no helmet)
rElec   .            (no cloak)
rCorr   .            (no gloves)
SInv    .            (no boots)
Will    .....        (no amulet)
Stlth   ++           (no ring)
HPRegen 0.24/turn    (no ring)
MPRegen 0.08/turn

%: no passive effects
@: lethally poisoned (0 -> -1), studying Ranged Weapons
A: explore regen
a: Renounce Religion


You were on level 2 of the Dungeon.
You worshipped Xom.
You were a special plaything of Xom.
You visited 1 branch of the dungeon, and saw 2 of its levels.

You collected 76 gold pieces.

Inventory:

Hand Weapons
 a - a +0 short sword of chaos
 d - a +1 whip of electrocution (weapon)
Armour
 b - a +2 leather armour (worn)
Jewellery
 f - a ring of poison resistance
Scrolls
 c - a scroll of amnesia {unknown}
 e - a scroll of noise {unknown}
 g - a scroll of teleportation {unknown}
 h - a scroll of revelation {unknown}
 i - 2 scrolls of identify {unknown}


   Skills:
 - Level 3.0 Fighting
 - Level 3.0 Short Blades
 - Level 2.0 Armour
 - Level 1.0 Dodging
 + Level 3.2 Stealth


You had 2 spell levels left.
You didn't know any spells.
Your spell library was empty.

Dungeon Overview and Level Annotations

Branches:
Dungeon (2/15)

Altars:

Annotations:
D:2 Sigmund


Innate Abilities, Weirdness & Mutations

You regain HP and MP as you explore.


Message History

The rat barely misses you.
You barely miss the adder.
The adder is moderately wounded.
You feel sick. The adder completely misses you. The rat misses you.
You barely miss the adder.
The adder is moderately wounded.
You feel sick. The adder bites you.
You are more poisoned.
The adder poisons you! The rat barely misses you.
You miss the adder.
The adder is moderately wounded.
You feel very sick. The adder bites you but does no damage. The rat misses you.
The adder barely misses you.
Unknown command.
You feel sick. The adder attacks as it pursues you! The adder bites you.
You are more poisoned.
The adder poisons you! The rat barely misses you.
You feel sick. The adder attacks as it pursues you!
The adder closely misses you.
You feel sick. The adder bites you.
* * * LOW HITPOINT WARNING * * *
There is an open door here.
You feel sick. The adder bites you but does no damage.
You aren't carrying any potions.
You barely miss the adder.
The adder is moderately wounded.
* * * LOW HITPOINT WARNING * * *
You feel sick. The adder bites you but does no damage.
Unknown command.
Unknown command.
You hit the adder.
The adder is almost dead.
You feel sick. The adder bites you but does no damage.
Unknown command.
Unknown command.
You hit the adder.
The adder is almost dead.
You feel sick. The adder bites you.
You die...

#.# .# ####.### #.###
###.###...<..#
....###.#........#.#
#.#.##...####g####.#
# #.#.#.....# #.# #.#
#..##.#.#.##...####.#
#.#
#......<............#
#.#
#..######.###.#######
#.# #.# #@# #.#
..###S## #.#
#####.r.## #.....#
#....)..# #...$.....#
+......>..+
#.........#
##.......##


You could see an adder and a rat.

Vanquished Creatures
  2 dart slugs (D:1)
  2 endoplasms (D:1)
  2 giant cockroaches (D:1)
  4 hobgoblins (D:1)
  3 jackals (D:1)
  2 ball pythons (D:1)
  5 bats (D:1)
  A frilled lizard (D:1)
  4 goblins
  2 kobolds
  4 rats (D:1)
31 creatures vanquished.

Notes
Turn   | Place    | Note
-------+----------+-------------------------------------------
     0 | D:1      | spaghetti the Human Chaos Knight began the quest for the
                  | Orb.
     0 | D:1      | Reached XP level 1. HP: 18/18 MP: 1/1
    36 | D:1      | Reached skill level 1 in Stealth
    41 | D:1      | XOM: smoke on damage
    50 | D:1      | Reached XP level 2. HP: 24/24 MP: 2/2
   122 | D:1      | XOM: divination: detect items
   181 | D:1      | Reached XP level 3. HP: 14/29 MP: 3/3
   213 | D:1      | XOM: divination: detect creatures
   368 | D:1      | Found a faded altar of an unknown god.
   572 | D:2      | Noticed Sigmund
   572 | D:2      | XOM: swap monsters
   580 | D:2      | XOM: noise
   803 | D:2      | Slain by an adder

Illustrated notes

Levels and vault maps discovered:
D:1:      minmay_arrival_plants_in_alcoves, layout_rooms,
          ebering_ecumenical_altar_webs, minmay_splitting_lines
D:2:      layout_loops_corners, uniq_sigmund

Skill      XL: |  1  2  3 |
---------------+----------+-----
Stealth        | 1 2 3 |  3.2
Fighting       | |  3.0
Short Blades   | |  3.0
Armour         | |  2.0
Dodging        | |  1.0

Action                     || total
---------------------------++-------
  Melee: Short sword       ||    59
         Whip              ||    39
    Use: Potion            ||     2
         Scroll            ||     1
   Stab: Distracted        ||     1
         Paralysed         ||     1
         Sleeping          ||     2
 Armour: Leather armour    ||    83
  Dodge: Dodged            ||    63
